 Dungeon Crawl Stone Soup version 0.30-a0-626-gd6a5dd7a1f (webtiles) character file.

Game seed: 16697906072382184589

1 BaabKaare the Vexing (level 1, 0/13 HPs)
             Began as a Human Enchanter on Jan 10, 2023.
             Slain by a hobgoblin (3 damage)
             ... on level 1 of the Dungeon.
             The game lasted 00:00:53 (77 turns).

BaabKaare the Vexing (Human Enchanter)                Turns: 77, Time: 00:00:54

Health: 0/13       AC:  2    Str:  8    XL:     1   Next: 22%
Magic:  3/3        EV: 12    Int: 15    God:
Gold:   12         SH:  0    Dex: 13    Spells: 4/4 levels left

rFire   . . .      SeeInvis .    a - +1 dagger
rCold   . . .      Faith    .    (no shield)
rNeg    . . .      Spirit   .    b - +0 robe
rPois   .          Reflect  .    (no helmet)
rElec   .          Harm     .    (no cloak)
rCorr   .          Rampage  .    (no gloves)
Will    .....                    (no boots)
Stlth   ++                       (no amulet)
HPRegen 0.22/turn                (no ring)
MPRegen 0.08/turn                (no ring)

@: no status effects
A: no striking features
a: no special abilities


You were on level 1 of the Dungeon.
You visited 1 branch of the dungeon, and saw 1 of its levels.

You collected 12 gold pieces.

Inventory:

Hand Weapons
 a - a +1 dagger (weapon)
Armour
 b - a +0 robe (worn)
Jewellery
 d - a +6 ring of dexterity
Potions
 c - 2 potions of invisibility
 e - a potion of resistance {unknown}


   Skills:
 + Level 1.0 Short Blades
 + Level 2.0 Dodging
 + Level 3.0 Stealth
 + Level 2.0 Spellcasting
 + Level 3.0 Hexes


You had 4 spell levels left.
You didn't know any spells.
Your spell library contained the following spells:

 Spells                   Type           Power      Damage    Failure   Level
 Ensorcelled Hibernation  Hex/Ice        12%        N/A       19%         2
 Confusing Touch          Hex            10%        N/A       19%         3
 Tukima's Dance           Hex            10%        N/A       19%         3
 Dazzling Flash           Conj/Hex       12%        N/A       34%         3


Dungeon Overview and Level Annotations

Branches:
Dungeon (1/15)

Altars:


Message History

Zot will find you in 5998 turns if you stay in this branch and explore no new floors.
You aren't wearing any rings or amulets.
Okay, then.
You see here 5 stones.
You now have 5 gold pieces.
A hobgoblin comes into view.
Found a granite ring.
A hobgoblin is nearby!
Found a dark potion.
You see here 7 gold pieces.
The helpless hobgoblin fails to defend itself.
You puncture the hobgoblin!
You kill the hobgoblin!
d - a +6 ring of dexterity
There are no items here.
e - a dark potion You now have 12 gold pieces (gained 7).
Found a short sword.
A hobgoblin comes into view.
Found 3 stones.
You see here a grey potion.
A hobgoblin is nearby!
The hobgoblin closely misses you. The hobgoblin hits you.
The hobgoblin completely misses you. The hobgoblin closely misses you.
The hobgoblin hits you. The hobgoblin closely misses you.
The hobgoblin misses you. The hobgoblin misses you.
The hobgoblin barely misses you. The hobgoblin misses you.
The hobgoblin hits you.
The hobgoblin hits you but does no damage.
The hobgoblin hits you. The hobgoblin barely misses you.
The hobgoblin hits you.
* * * LOW HITPOINT WARNING * * *
The hobgoblin hits you.
You die...

.#.# .. .#.#......
##.# ........ .. +.(#
.#.#.# ..#..# .#.#.#
#.#..# .#.#.# ###.#..#
.#.#.####......#
.#.#......#.#.#####.##
..........#.....@g...#
.#......###.#!########
..............#
###.##.####.###
....##.# #.# ###.##..
... # #.#######..# #
#.# #).# ##... #...


You could see a hobgoblin.

Vanquished Creatures
  A hobgoblin (D:1)
1 creature vanquished.

Notes
Turn   | Place    | Note
-------+----------+-------------------------------------------
     0 | D:1      | BaabKaare the Human Enchanter began the quest for the Orb.
     0 | D:1      | Reached XP level 1. HP: 13/13 MP: 3/3
    77 | D:1      | Slain by a hobgoblin

Illustrated notes

Levels and vault maps discovered:
D:1:      wander_arrival_desolate, layout_basic, serial_shops, shop

Action                   || total
-------------------------++-------
Melee: Dagger            ||     1
 Stab: Sleeping          ||     1
Armor: Robe              ||     1
Dodge: Dodged            ||     9

Table legend: (Time is in decaauts)
 A = Elapsed time spent in this place.
 B = Non-inter-level travel time spent in this place.
 C = Inter-level travel time spent in this place.
 D = Time resting spent in this place.
 E = Time spent auto-exploring this place.
 F = Levels seen in this place.
 G = Mean time per level.
                   A        B        C        D        E       F      G
               +--------+--------+--------+--------+--------+-----+--------+
         Total |     77 |     77 |      0 |      0 |     19 |   1 |   77.0 |
       Dungeon |     77 |     77 |      0 |      0 |     19 |   1 |   77.0 |
               +--------+--------+--------+--------+--------+-----+--------+

Top non-repeatable levels by time:
     D:1: 77 daAuts
